cohdb
Replays
Latest Replays
All Replays
Popular Replays
Top Player Replays
Match Explorer
How It Works
Community
CoH3 Stats
Reddit
Sign in to upload your games and track your stats! →
Sign in with Steam
Match 47046868
Unlisted
Match 47046868
Overview
Messages
Build Orders
End
Construct Barracks
Engineer Squad
Selects Airborne Battlegroup
Selects Heavy Machine Gun Paradrop
1⁄4-ton 4x4 Truck
1⁄4-ton 4x4 Truck
Heavy Machine Gun Paradrop
Selects Paratrooper Squad Paradrop
Paratrooper Squad Paradrop
Heavy Machine Gun Paradrop
Construct Medical Station
Paratrooper Squad Paradrop
Selects Anti-tank Gun Team Paradrop
Mechanized Support Center
Esxile
李小凡
怎么绘世的猪莎公主
xizi20
0
0
Comments
sign in to comment!
No comments posted yet!